Penguins vs Capitals

Created - February-02-14 at 10:25

Goals
1 2 3 T
Penguins 3 4 0 7
Capitals 0 0 3 3
Shots
1 2 3 T
Penguins 14 13 5 32
Capitals 3 7 25 35

1st period

1. Penguins , Brendan Gallagher 8 (Stephen Weiss, Victor Hedman) at 12:21
2. Penguins , John Tavares 29 (Andrew Ladd, Kris Letang) at 13:50 (PP)
3. Penguins , Andrew Ladd 30 (Barret Jackman) at 15:22

Penalties :
Matt Stajan (WSH) for Roughing (Minor) at 10:17, Douglas Murray (WSH) for Interference (Minor) at 13:37, Stephane Robidas (PIT) for Hooking (Minor) at 18:58

2nd period

4. Penguins , Ryan Suter 2 (Andrew Ladd, Kris Letang) at 6:45 (PP)
5. Penguins , Andrew Ladd 31 (Kris Letang) at 9:05
6. Penguins , Ryan Getzlaf 19 (David Perron, Kris Letang) at 10:44 (PP)
7. Penguins , Andrew Ladd 32 (Gabriel Landeskog, Victor Hedman) at 10:54

Penalties :
Douglas Murray (WSH) for Holding (Minor) at 6:05, Jay Harrison (WSH) for Holding Stick (Minor) at 10:14, Jay Harrison (WSH) for Interference (Minor) at 17:57

3rd period

8. Capitals , Taylor Hall 25 (Ryan McDonagh, Jiri Tlusty) at 4:03
9. Capitals , Alexander Ovechkin 33 (Mike Green, Jay Harrison) at 9:24
10. Capitals , Daniel Briere 6 (Jay Harrison) at 12:34

Penalties :
Ryan Getzlaf (PIT) for Hooking (Minor) at 4:57, Corey Potter (WSH) for Interference (Minor) at 7:40, Ryan Getzlaf (PIT) for Holding (Minor) at 7:40, Ryan McDonagh (WSH) for Hooking (Minor) at 13:42, T.J. Galiardi (WSH) for Roughing (Minor) at 18:51, Stephane Robidas (PIT) for Hooking (Minor) at 18:51

Goalie Stats

Darcy Kuemper (PIT), 32 saves from 35 shots - (0.914), W, 7-2-0, 60:00 minutes
James Reimer (WSH), 11 saves from 14 shots - (0.786), 33:15 minutes
Jimmy Howard (WSH), 14 saves from 18 shots - (0.778), L, 29-12-0, 26:45 minutes

Players Stats for Penguins

Player Name              G  A  P  +/- PIM S  H  SB GA TA FO     MP     PP MP  PK MP  
------------------------------------------------------------------------------------
Alexander Steen          0  0  0  -1  0   2  0  0  0  0  1/1    20:30   3:21   0:49 
Andrew Ladd              3  2  5   2  0   5  0  0  0  0  1/2    23:16   3:59   1:39 
Barret Jackman           0  1  1   1  0   1  2  0  0  0  0/0    11:49   0:00   1:39 
Brandon Saad             0  0  0   0  0   0  1  0  0  0  0/0    12:16   0:00   1:02 
Brendan Gallagher        1  0  1   0  0   3  2  0  0  0  0/0    11:14   0:00   0:00 
David Moss               0  0  0  -1  0   2  1  0  0  0  1/1     6:28   0:00   2:07 
David Perron             0  1  1   0  0   1  1  0  0  0  0/2    18:50   3:21   0:00 
Ed Jovanovski            0  0  0   0  0   0  1  0  0  0  0/0     2:25   0:00   0:00 
Gabriel Landeskog        0  1  1   2  0   0  1  0  0  0  1/1    19:21   3:59   0:00 
John Tavares             1  0  1   2  0   4  0  0  0  0  24/37  21:37   3:59   0:00 
Kris Letang              0  4  4   0  0   7  2  2  0  0  0/0    24:41   4:52   1:01 
Matt Hunwick             0  0  0   1  0   0  1  0  0  0  0/0    12:35   0:00   0:00 
Ruslan Fedotenko         0  0  0   0  0   0  0  0  0  0  0/0     3:30   0:00   0:00 
Ryan Getzlaf             1  0  1   0  4   1  3  1  0  0  16/24  19:00   3:21   0:12 
Ryan Suter               1  0  1   0  0   5  1  1  0  0  0/0    24:21   4:52   0:41 
Stephane Robidas         0  0  0   0  4   1  0  0  0  0  0/0    21:03   2:28   1:18 
Stephen Weiss            0  1  1   0  0   0  0  0  0  0  16/31  16:51   0:00   2:07 
Victor Hedman            0  2  2   0  0   0  0  3  0  0  0/0    23:04   2:28   3:17 

Players Stats for Capitals

Player Name              G  A  P  +/- PIM S  H  SB GA TA FO     MP     PP MP  PK MP  
------------------------------------------------------------------------------------
Alexander Ovechkin       1  0  1  -2  0   5  6  0  0  0  0/1    21:56   0:00   0:00 
Alexander Semin          0  0  0  -2  0   4  0  0  0  0  0/3    18:42   1:33   0:00 
Alexei Kovalev           0  0  0   0  0   0  0  0  0  0  0/0     0:00   0:00   0:00 
Corey Potter             0  0  0  -3  2   0  0  0  0  0  0/0    14:52   0:00   1:39 
Daniel Briere            1  0  1   1  0   4  1  0  0  0  5/9    20:50   3:21   1:27 
David Desharnais         0  0  0   1  0   3  0  0  0  0  10/15  13:10   0:00   0:00 
Douglas Murray           0  0  0  -3  4   2  3  0  0  0  0/0    13:12   0:00   0:00 
Jay Harrison             0  2  2   2  4   0  3  0  0  0  0/0    19:12   1:43   1:27 
Jiri Tlusty              0  1  1  -1  0   3  0  0  0  0  8/26   14:58   0:00   0:00 
Marc Methot              0  0  0   1  0   0  1  5  0  0  0/0    23:27   2:15   5:04 
Matt Stajan              0  0  0   1  2   4  2  0  0  0  13/30  18:19   2:25   4:14 
Mike Green               0  1  1   2  0   3  0  2  0  0  0/0    20:03   1:43   2:16 
Ryan McDonagh            0  1  1   0  2   3  2  1  0  0  0/0    25:16   2:15   3:38 
Ryane Clowe              0  0  0  -2  0   0  0  1  0  0  1/8     8:22   0:37   0:00 
T.J. Galiardi            0  0  0   0  2   1  1  1  0  0  0/0    18:52   2:25   5:41 
Taylor Hall              1  0  1  -1  0   3  0  0  0  0  2/6    19:33   1:33   1:39 
Tom Poti                 0  0  0  -1  0   0  0  0  0  0  0/0     3:52   0:00   0:36 
Tomas Fleischmann        0  0  0   1  0   0  1  1  0  0  0/1    14:49   0:00   1:39 

3 Stars

1 - Andrew Ladd (PIT)
2 - Kris Letang (PIT)
3 - John Tavares (PIT)

Power Play

Penguins - 3 on 6 Attempt(s) - 50.00%
Capitals - 0 on 2 Attempt(s) - 0.00%

Penalty Kill

Penguins - 2 on 2 Attempt(s) - 100.00% - Score 0 goal in Penalty Kill
Capitals - 3 on 6 Attempt(s) - 50.00% - Score 0 goal in Penalty Kill

Official

Referees : Rob Martell and Dean Morton
Linesman : Andy McElman and Jonny Murray

Game Notes

James Reimer enters game at 6:45 of 2nd period
Andrew Ladd has scored a Hat Trick!

Finance

Level 1 -- Attendance: 2142 (32.95%) -- Ticket Income $535,500
Level 2 -- Attendance: 1375 (27.50%) -- Ticket Income $275,000
Level 3 -- Attendance: 791 (22.60%) -- Ticket Income $138,425
Level 4 -- Attendance: 545 (20.40%) -- Ticket Income $81,750
Luxury Box -- Attendance: 403 (40.30%) -- Ticket Income $161,200
Game was played at the Verizon Center
Total Attendance: 5256 (28.15%)
Total Ticket Income: $1,191,875
Other Income: $178,781
Total Income: $1,370,656


% Time on Ice - Penguins

Lines # - Real PCT - Wanted PCT - Time Play
Normal Forward
1 - 34% - 33% - 15:22
2 - 34% - 33% - 15:29
3 - 25% - 24% - 11:14
4 - 8% - 10% - 3:30
Normal Defense
1 - 36% - 38% - 16:32
2 - 36% - 38% - 16:28
3 - 22% - 20% - 10:10
4 - 5% - 4% - 2:25
PP Forward
1 - 54% - 55% - 3:59
2 - 46% - 45% - 3:21
PP Defense
1 - 66% - 75% - 4:52
2 - 34% - 25% - 2:28
PK Forward
1 - 74% - 60% - 2:56
2 - 26% - 40% - 1:02
PK Defense
1 - 83% - 70% - 3:17
2 - 17% - 30% - 0:41
PK3 Forward
1 - 0% - 55%
2 - 0% - 45%
PK3 Defense
1 - 0% - 55%
2 - 0% - 45%
44 Forward
1 - 73% - 55% - 2:16
2 - 27% - 45% - 0:51
44 Defense
1 - 73% - 55% - 2:16
2 - 27% - 45% - 0:51
Last Minute Offensive  - 0:00
Last Minute Defensive  - 0:00
Total
Forward - 60:00
Defense - 60:00

% Time on Ice - Capitals

Lines # - Real PCT - Wanted PCT - Time Play
Normal Forward
1 - 33% - 35% - 14:58
2 - 29% - 27% - 13:10
3 - 24% - 23% - 10:47
4 - 15% - 15% - 6:40
Normal Defense
1 - 31% - 35% - 13:55
2 - 33% - 27% - 15:10
3 - 29% - 23% - 13:14
4 - 7% - 15% - 3:16
PP Forward
1 - 61% - 60% - 2:25
2 - 39% - 40% - 1:33
PP Defense
1 - 57% - 60% - 2:15
2 - 43% - 40% - 1:43
PK Forward
1 - 78% - 60% - 5:41
2 - 23% - 40% - 1:39
PK Defense
1 - 69% - 60% - 5:04
2 - 31% - 40% - 2:16
PK3 Forward
1 - 0% - 60%
2 - 0% - 40%
PK3 Defense
1 - 0% - 60%
2 - 0% - 40%
44 Forward
1 - 79% - 60% - 2:28
2 - 21% - 40% - 0:39
44 Defense
1 - 71% - 60% - 2:13
2 - 29% - 40% - 0:54
Last Minute Offensive  - 0:00
Last Minute Defensive  - 0:00
Total
Forward - 60:00
Defense - 60:00

Play by Play

1st period


0:01 of 1st period - John Tavares wins face-off versus Jiri Tlusty in neutral zone.
0:11 of 1st period - Off-side.
0:12 of 1st period - David Desharnais wins face-off versus Ryan Getzlaf in neutral zone.
0:30 of 1st period - Icing by Victor Hedman.
0:31 of 1st period - Matt Stajan wins face-off versus David Perron in Penguins zone.
1:09 of 1st period - Shot by Alexander Semin.
1:09 of 1st period - Stopped by Darcy Kuemper with a rebound.
1:22 of 1st period - Icing by Stephane Robidas.
1:23 of 1st period - Jiri Tlusty wins face-off versus Ryan Getzlaf in Penguins zone.
1:42 of 1st period - Shot by Jiri Tlusty.
1:42 of 1st period - Deflect By Alexander Ovechkin.
1:42 of 1st period - Stopped by Darcy Kuemper without a rebound.
1:43 of 1st period - David Desharnais wins face-off versus Stephen Weiss in Penguins zone.
2:36 of 1st period - Icing by Jay Harrison.
2:37 of 1st period - David Desharnais wins face-off versus John Tavares in Capitals zone.
2:54 of 1st period - Shot by Andrew Ladd.
2:54 of 1st period - Shot Misses the Net.
2:56 of 1st period - Shot by Barret Jackman.
2:56 of 1st period - Shot Blocked by Ryane Clowe.
2:58 of 1st period - Shot by John Tavares.
2:58 of 1st period - Shot Misses the Net.
3:00 of 1st period - Shot by Barret Jackman.
3:00 of 1st period - Shot Hit the Post.
3:44 of 1st period - Shot by Alexander Steen.
3:44 of 1st period - Stopped by Jimmy Howard without a rebound.
3:45 of 1st period - Stephen Weiss wins face-off versus Jiri Tlusty in Capitals zone.
4:05 of 1st period - Icing by Ryan Suter.
4:06 of 1st period - Stephen Weiss wins face-off versus Matt Stajan in Penguins zone.
4:06 of 1st period - Ryan Suter is hit by T.J. Galiardi and loses puck.
4:39 of 1st period - Shot by David Moss.
4:39 of 1st period - Stopped by Jimmy Howard without a rebound.
4:40 of 1st period - John Tavares wins face-off versus Jiri Tlusty in Capitals zone.
4:55 of 1st period - Shot by John Tavares.
4:55 of 1st period - Stopped by Jimmy Howard without a rebound.
4:56 of 1st period - David Desharnais wins face-off versus Ryan Getzlaf in Capitals zone.
4:56 of 1st period - David Desharnais is hit by Ryan Getzlaf.
5:04 of 1st period - David Desharnais is hit by Ryan Getzlaf and loses puck.
5:26 of 1st period - Off-side.
5:27 of 1st period - Stephen Weiss wins face-off versus Jiri Tlusty in neutral zone.
5:39 of 1st period - Ryan McDonagh is hit by Brendan Gallagher and loses puck.
5:50 of 1st period - Shot by Brendan Gallagher.
5:50 of 1st period - Stopped by Jimmy Howard with a rebound.
5:52 of 1st period - Shot by Matt Hunwick.
5:52 of 1st period - Shot Misses the Net.
5:54 of 1st period - Shot by Barret Jackman.
5:54 of 1st period - Stopped by Jimmy Howard without a rebound.
5:55 of 1st period - Matt Stajan wins face-off versus John Tavares in Capitals zone.
6:31 of 1st period - Alexander Semin is hit by Ryan Suter and loses puck.
6:41 of 1st period - Off-side.
6:42 of 1st period - Stephen Weiss wins face-off versus Jiri Tlusty in neutral zone.
6:45 of 1st period - Ryan McDonagh is hit by Brandon Saad and loses puck.
7:23 of 1st period - Icing by Stephane Robidas.
7:24 of 1st period - David Desharnais wins face-off versus Stephen Weiss in Penguins zone.
7:48 of 1st period - Icing by Stephane Robidas.
7:49 of 1st period - Stephen Weiss wins face-off versus Matt Stajan in Penguins zone.
8:33 of 1st period - Shot by Andrew Ladd.
8:33 of 1st period - Shot Blocked by Mike Green.
8:35 of 1st period - Shot by Kris Letang.
8:35 of 1st period - Stopped by Jimmy Howard without a rebound.
8:36 of 1st period - Jiri Tlusty wins face-off versus Ryan Getzlaf in Capitals zone.
9:56 of 1st period - Off-side.
9:57 of 1st period - Matt Stajan wins face-off versus Stephen Weiss in neutral zone.
9:57 of 1st period - Mike Green is hit by David Moss and loses puck.
10:14 of 1st period - Shot by Mike Green.
10:14 of 1st period - Shot Misses the Net.
10:17 of 1st period - Minor Penalty to Matt Stajan for Roughing.
10:18 of 1st period - Daniel Briere wins face-off versus John Tavares in Capitals zone.
10:24 of 1st period - Icing by John Tavares.
10:25 of 1st period - Daniel Briere wins face-off versus John Tavares in Penguins zone.
10:42 of 1st period - Shot by Ryan Suter.
10:42 of 1st period - Stopped by Jimmy Howard without a rebound.
10:43 of 1st period - Ryan Getzlaf wins face-off versus Daniel Briere in Capitals zone.
10:44 of 1st period - Shot by Kris Letang.
10:44 of 1st period - Shot Misses the Net.
10:46 of 1st period - Shot by Kris Letang.
10:46 of 1st period - Stopped by Jimmy Howard without a rebound.
10:47 of 1st period - Daniel Briere wins face-off versus Andrew Ladd in Capitals zone.
11:12 of 1st period - Shot by Ryan Suter.
11:12 of 1st period - Shot Blocked by T.J. Galiardi.
11:28 of 1st period - Shot by Kris Letang.
11:28 of 1st period - Shot Blocked by Ryan McDonagh.
11:54 of 1st period - Shot by Alexander Steen.
11:54 of 1st period - Shot Misses the Net.
11:56 of 1st period - Shot by Stephane Robidas.
11:56 of 1st period - Stopped by Jimmy Howard without a rebound.
11:57 of 1st period - Ryan Getzlaf wins face-off versus Taylor Hall in Capitals zone.
12:21 of 1st period - Shot by Brendan Gallagher.
12:21 of 1st period - Goal by Brendan Gallagher - Penguins : 1 - Capitals : 0.
12:22 of 1st period - Stephen Weiss wins face-off versus Ryane Clowe in neutral zone.
12:29 of 1st period - Shot by David Moss.
12:29 of 1st period - Stopped by Jimmy Howard without a rebound.
12:30 of 1st period - John Tavares wins face-off versus Jiri Tlusty in Capitals zone.
12:30 of 1st period - John Tavares is hit by Douglas Murray.
12:32 of 1st period - Shot by Andrew Ladd.
12:32 of 1st period - Shot Misses the Net.
12:49 of 1st period - Shot by John Tavares.
12:49 of 1st period - Shot Misses the Net.
12:58 of 1st period - Icing by Corey Potter.
12:59 of 1st period - Jiri Tlusty wins face-off versus Ryan Getzlaf in Capitals zone.
13:10 of 1st period - Shot by Alexander Steen.
13:10 of 1st period - Shot Misses the Net.
13:37 of 1st period - Minor Penalty to Douglas Murray for Interference.
13:38 of 1st period - John Tavares wins face-off versus Matt Stajan in Capitals zone.
13:39 of 1st period - Shot by Ryan Suter.
13:39 of 1st period - Stopped by Jimmy Howard without a rebound.
13:40 of 1st period - John Tavares wins face-off versus Matt Stajan in Capitals zone.
13:50 of 1st period - Shot by Andrew Ladd.
13:50 of 1st period - Deflect By John Tavares.
13:50 of 1st period - Goal by John Tavares - Penguins : 2 - Capitals : 0.
13:51 of 1st period - David Desharnais wins face-off versus Stephen Weiss in neutral zone.
15:03 of 1st period - Shot by Mike Green.
15:03 of 1st period - Stopped by Darcy Kuemper without a rebound.
15:04 of 1st period - Gabriel Landeskog wins face-off versus Alexander Ovechkin in Penguins zone.
15:04 of 1st period - Gabriel Landeskog is hit by Alexander Ovechkin.
15:17 of 1st period - Andrew Ladd is hit by Douglas Murray and loses puck.
15:22 of 1st period - Shot by Andrew Ladd.
15:22 of 1st period - Goal by Andrew Ladd - Penguins : 3 - Capitals : 0.
15:23 of 1st period - Ryan Getzlaf wins face-off versus Matt Stajan in neutral zone.
16:20 of 1st period - Shot by David Desharnais.
16:20 of 1st period - Deflect By Tomas Fleischmann.
16:20 of 1st period - Shot Blocked by Victor Hedman.
16:57 of 1st period - Gabriel Landeskog is hit by Marc Methot and loses puck.
17:21 of 1st period - Icing by Ryan Suter.
17:22 of 1st period - John Tavares wins face-off versus Jiri Tlusty in Penguins zone.
17:22 of 1st period - John Tavares is hit by Alexander Ovechkin.
17:39 of 1st period - Off-side.
17:40 of 1st period - Matt Stajan wins face-off versus Stephen Weiss in neutral zone.
18:58 of 1st period - Minor Penalty to Stephane Robidas for Hooking.
18:59 of 1st period - Taylor Hall wins face-off versus Ryan Getzlaf in Penguins zone.
19:21 of 1st period - Shot by Ryan McDonagh.
19:21 of 1st period - Shot Misses the Net.
19:47 of 1st period - Alexander Steen is hit by Jay Harrison and loses puck.
19:56 of 1st period - Shot by Jay Harrison.
19:56 of 1st period - Shot Misses the Net.
Goals for this period are 3 for Penguins vs 0 for Capitals.
Shots for this period are 14 for Penguins vs 3 for Capitals.

2nd period


0:01 of 2nd period - David Moss wins face-off versus Matt Stajan in neutral zone.
1:37 of 2nd period - Icing by Ryan Suter.
1:38 of 2nd period - David Desharnais wins face-off versus John Tavares in Penguins zone.
2:21 of 2nd period - Shot by Alexander Steen.
2:21 of 2nd period - Stopped by Jimmy Howard without a rebound.
2:22 of 2nd period - Stephen Weiss wins face-off versus Ryane Clowe in Capitals zone.
2:22 of 2nd period - Stephen Weiss is hit by Ryan McDonagh.
2:29 of 2nd period - Off-side.
2:30 of 2nd period - Ryan Getzlaf wins face-off versus Alexander Semin in neutral zone.
2:47 of 2nd period - Shot by Alexander Steen.
2:47 of 2nd period - Shot Misses the Net.
3:41 of 2nd period - Shot by Andrew Ladd.
3:41 of 2nd period - Stopped by Jimmy Howard without a rebound.
3:42 of 2nd period - David Desharnais wins face-off versus Stephen Weiss in Capitals zone.
3:42 of 2nd period - Mike Green is hit by Brendan Gallagher and loses puck.
3:52 of 2nd period - Brendan Gallagher is hit by Jay Harrison and loses puck.
4:44 of 2nd period - Shot by Andrew Ladd.
4:44 of 2nd period - Shot Blocked by Mike Green.
4:52 of 2nd period - Shot by Andrew Ladd.
4:52 of 2nd period - Stopped by Jimmy Howard without a rebound.
4:53 of 2nd period - Ryan Getzlaf wins face-off versus Jiri Tlusty in Capitals zone.
6:01 of 2nd period - Douglas Murray is hit by David Perron and loses puck.
6:05 of 2nd period - Minor Penalty to Douglas Murray for Holding.
6:06 of 2nd period - Matt Stajan wins face-off versus John Tavares in Capitals zone.
6:11 of 2nd period - Andrew Ladd is hit by Matt Stajan.
6:41 of 2nd period - Shot by Andrew Ladd.
6:41 of 2nd period - Shot Misses the Net.
6:43 of 2nd period - Shot by Ryan Suter.
6:43 of 2nd period - Shot Blocked by Marc Methot.
6:45 of 2nd period - Shot by Ryan Suter.
6:45 of 2nd period - Goal by Ryan Suter - Penguins : 4 - Capitals : 0.
6:45 of 2nd period - James Reimer enters game.
6:46 of 2nd period - Jiri Tlusty wins face-off versus Stephen Weiss in neutral zone.
7:50 of 2nd period - Icing by Jay Harrison.
7:51 of 2nd period - Ryan Getzlaf wins face-off versus David Desharnais in Capitals zone.
8:20 of 2nd period - David Perron is hit by Daniel Briere and loses puck.
8:51 of 2nd period - Shot by Alexander Semin.
8:51 of 2nd period - Shot Blocked by Ryan Getzlaf.
8:53 of 2nd period - Shot by Matt Stajan.
8:53 of 2nd period - Stopped by Darcy Kuemper with a rebound.
8:55 of 2nd period - Shot by Ryan McDonagh.
8:55 of 2nd period - Stopped by Darcy Kuemper without a rebound.
8:56 of 2nd period - John Tavares wins face-off versus Ryane Clowe in Penguins zone.
9:05 of 2nd period - Shot by Andrew Ladd.
9:05 of 2nd period - Goal by Andrew Ladd - Penguins : 5 - Capitals : 0.
9:06 of 2nd period - Jiri Tlusty wins face-off versus John Tavares in neutral zone.
9:09 of 2nd period - Kris Letang is hit by Alexander Ovechkin and loses puck.
9:22 of 2nd period - Shot by Gabriel Landeskog.
9:22 of 2nd period - Shot Blocked by Marc Methot.
9:49 of 2nd period - Off-side.
9:50 of 2nd period - Stephen Weiss wins face-off versus Matt Stajan in neutral zone.
10:05 of 2nd period - Shot by Matt Stajan.
10:05 of 2nd period - Shot Misses the Net.
10:07 of 2nd period - Shot by Douglas Murray.
10:07 of 2nd period - Stopped by Darcy Kuemper without a rebound.
10:08 of 2nd period - Alexander Steen wins face-off versus David Desharnais in Penguins zone.
10:14 of 2nd period - Minor Penalty to Jay Harrison for Holding Stick.
10:15 of 2nd period - Matt Stajan wins face-off versus Ryan Getzlaf in Capitals zone.
10:21 of 2nd period - Icing by Alexander Steen.
10:22 of 2nd period - Ryan Getzlaf wins face-off versus Matt Stajan in Penguins zone.
10:42 of 2nd period - Shot by David Perron.
10:42 of 2nd period - Shot Blocked by Marc Methot.
10:44 of 2nd period - Shot by Ryan Getzlaf.
10:44 of 2nd period - Goal by Ryan Getzlaf - Penguins : 6 - Capitals : 0.
10:45 of 2nd period - John Tavares wins face-off versus Jiri Tlusty in neutral zone.
10:51 of 2nd period - Gabriel Landeskog is hit by Douglas Murray and loses puck.
10:54 of 2nd period - Shot by Andrew Ladd.
10:54 of 2nd period - Goal by Andrew Ladd - Penguins : 7 - Capitals : 0.
10:55 of 2nd period - John Tavares wins face-off versus Ryane Clowe in neutral zone.
12:09 of 2nd period - Shot by David Desharnais.
12:09 of 2nd period - Stopped by Darcy Kuemper without a rebound.
12:10 of 2nd period - Stephen Weiss wins face-off versus Jiri Tlusty in Penguins zone.
12:39 of 2nd period - Shot by Jiri Tlusty.
12:39 of 2nd period - Shot Misses the Net.
12:47 of 2nd period - Brendan Gallagher is hit by Alexander Ovechkin and loses puck.
14:11 of 2nd period - Icing by Kris Letang.
14:12 of 2nd period - Matt Stajan wins face-off versus John Tavares in Penguins zone.
14:12 of 2nd period - Matt Stajan is hit by Kris Letang.
15:24 of 2nd period - Shot by Jiri Tlusty.
15:24 of 2nd period - Shot Misses the Net.
15:28 of 2nd period - Shot by Alexander Ovechkin.
15:28 of 2nd period - Stopped by Darcy Kuemper without a rebound.
15:29 of 2nd period - Ryan Getzlaf wins face-off versus Jiri Tlusty in Penguins zone.
15:44 of 2nd period - Shot by Alexander Ovechkin.
15:44 of 2nd period - Shot Misses the Net.
15:46 of 2nd period - Shot by Douglas Murray.
15:46 of 2nd period - Stopped by Darcy Kuemper without a rebound.
15:47 of 2nd period - David Desharnais wins face-off versus Stephen Weiss in Penguins zone.
15:51 of 2nd period - Tomas Fleischmann is hit by Matt Hunwick.
16:13 of 2nd period - Shot by David Desharnais.
16:13 of 2nd period - Stopped by Darcy Kuemper without a rebound.
16:14 of 2nd period - John Tavares wins face-off versus Jiri Tlusty in Penguins zone.
16:29 of 2nd period - Alexander Ovechkin is hit by Gabriel Landeskog and loses puck.
16:40 of 2nd period - Shot by Taylor Hall.
16:40 of 2nd period - Deflect By Alexander Ovechkin.
16:40 of 2nd period - Shot Misses the Net.
16:42 of 2nd period - Shot by Jiri Tlusty.
16:42 of 2nd period - Shot Misses the Net.
16:44 of 2nd period - Shot by Alexander Ovechkin.
16:44 of 2nd period - Shot Blocked by Kris Letang.
16:46 of 2nd period - Shot by Jiri Tlusty.
16:46 of 2nd period - Shot Blocked by Kris Letang.
17:00 of 2nd period - Icing by Taylor Hall.
17:01 of 2nd period - Ryan Getzlaf wins face-off versus Jiri Tlusty in Capitals zone.
17:21 of 2nd period - Off-side.
17:22 of 2nd period - Matt Stajan wins face-off versus Stephen Weiss in neutral zone.
17:27 of 2nd period - Shot by Alexander Semin.
17:27 of 2nd period - Shot Misses the Net.
17:42 of 2nd period - Off-side.
17:43 of 2nd period - Ryan Getzlaf wins face-off versus Tomas Fleischmann in neutral zone.
17:43 of 2nd period - Alexander Steen is hit by Jay Harrison and loses puck.
17:57 of 2nd period - Minor Penalty to Jay Harrison for Interference.
17:58 of 2nd period - John Tavares wins face-off versus Matt Stajan in Capitals zone.
18:19 of 2nd period - Shot by Kris Letang.
18:19 of 2nd period - Stopped by James Reimer without a rebound.
18:20 of 2nd period - Ryan Getzlaf wins face-off versus Matt Stajan in Capitals zone.
18:51 of 2nd period - Shot by Victor Hedman.
18:51 of 2nd period - Shot Blocked by Tomas Fleischmann.
19:03 of 2nd period - Shot by David Perron.
19:03 of 2nd period - Deflect By Alexander Steen.
19:03 of 2nd period - Shot Misses the Net.
19:33 of 2nd period - Shot by Ryan Suter.
19:33 of 2nd period - Stopped by James Reimer with a rebound.
19:35 of 2nd period - Shot by Kris Letang.
19:35 of 2nd period - Stopped by James Reimer with a rebound.
19:39 of 2nd period - Shot by Ryan Suter.
19:39 of 2nd period - Stopped by James Reimer without a rebound.
19:40 of 2nd period - John Tavares wins face-off versus Taylor Hall in Capitals zone.
19:41 of 2nd period - Shot by Kris Letang.
19:41 of 2nd period - Stopped by James Reimer without a rebound.
19:42 of 2nd period - John Tavares wins face-off versus Taylor Hall in Capitals zone.
19:43 of 2nd period - Shot by Kris Letang.
19:43 of 2nd period - Stopped by James Reimer without a rebound.
19:44 of 2nd period - Andrew Ladd wins face-off versus Matt Stajan in Capitals zone.
Goals for this period are 4 for Penguins vs 0 for Capitals.
Shots for this period are 13 for Penguins vs 7 for Capitals.

3rd period


0:01 of 3rd period - Jiri Tlusty wins face-off versus David Perron in neutral zone.
0:17 of 3rd period - Off-side.
0:18 of 3rd period - John Tavares wins face-off versus Matt Stajan in neutral zone.
0:24 of 3rd period - Icing by Mike Green.
0:25 of 3rd period - John Tavares wins face-off versus Alexander Semin in Capitals zone.
0:32 of 3rd period - Shot by John Tavares.
0:32 of 3rd period - Stopped by James Reimer with a rebound.
1:00 of 3rd period - Shot by Andrew Ladd.
1:00 of 3rd period - Deflect By John Tavares.
1:00 of 3rd period - Shot Misses the Net.
1:29 of 3rd period - Ryan Getzlaf is hit by Alexander Ovechkin and loses puck.
1:34 of 3rd period - Shot by Taylor Hall.
1:34 of 3rd period - Stopped by Darcy Kuemper without a rebound.
1:35 of 3rd period - Stephen Weiss wins face-off versus Jiri Tlusty in Penguins zone.
1:45 of 3rd period - Taylor Hall is hit by Barret Jackman and loses puck.
1:52 of 3rd period - Shot by Jiri Tlusty.
1:52 of 3rd period - Stopped by Darcy Kuemper without a rebound.
1:53 of 3rd period - Ryan Getzlaf wins face-off versus David Desharnais in Penguins zone.
1:53 of 3rd period - Ryan Getzlaf is hit by Tomas Fleischmann.
2:17 of 3rd period - Shot by David Desharnais.
2:17 of 3rd period - Stopped by Darcy Kuemper with a rebound.
2:19 of 3rd period - Shot by David Desharnais.
2:19 of 3rd period - Shot Misses the Net.
2:21 of 3rd period - Shot by Tomas Fleischmann.
2:21 of 3rd period - Shot Misses the Net.
2:35 of 3rd period - Shot by Tomas Fleischmann.
2:35 of 3rd period - Shot Misses the Net.
3:02 of 3rd period - Shot by Jiri Tlusty.
3:02 of 3rd period - Deflect By Taylor Hall.
3:02 of 3rd period - Shot Misses the Net.
3:04 of 3rd period - Shot by Marc Methot.
3:04 of 3rd period - Shot Misses the Net.
3:08 of 3rd period - Shot by Taylor Hall.
3:08 of 3rd period - Stopped by Darcy Kuemper with a rebound.
3:10 of 3rd period - Shot by Ryan McDonagh.
3:10 of 3rd period - Stopped by Darcy Kuemper without a rebound.
3:11 of 3rd period - John Tavares wins face-off versus Matt Stajan in Penguins zone.
3:11 of 3rd period - Kris Letang is hit by Matt Stajan and loses puck.
3:47 of 3rd period - Matt Stajan is hit by Kris Letang.
3:54 of 3rd period - Shot by T.J. Galiardi.
3:54 of 3rd period - Stopped by Darcy Kuemper with a rebound.
3:56 of 3rd period - Shot by Alexander Semin.
3:56 of 3rd period - Stopped by Darcy Kuemper without a rebound.
3:57 of 3rd period - Jiri Tlusty wins face-off versus Stephen Weiss in Penguins zone.
3:57 of 3rd period - Jiri Tlusty is hit by Barret Jackman.
4:03 of 3rd period - Shot by Taylor Hall.
4:03 of 3rd period - Goal by Taylor Hall - Penguins : 7 - Capitals : 1.
4:04 of 3rd period - Stephen Weiss wins face-off versus Jiri Tlusty in neutral zone.
4:04 of 3rd period - Stephen Weiss is hit by Alexander Ovechkin.
4:07 of 3rd period - Matt Hunwick is hit by Ryan McDonagh and loses puck.
4:13 of 3rd period - Icing by Taylor Hall.
4:14 of 3rd period - Jiri Tlusty wins face-off versus Stephen Weiss in Capitals zone.
4:40 of 3rd period - Icing by Ryan McDonagh.
4:41 of 3rd period - Ryan Getzlaf wins face-off versus Jiri Tlusty in Capitals zone.
4:54 of 3rd period - Shot by Victor Hedman.
4:54 of 3rd period - Shot Misses the Net.
4:57 of 3rd period - Minor Penalty to Ryan Getzlaf for Hooking.
4:58 of 3rd period - Stephen Weiss wins face-off versus Matt Stajan in Penguins zone.
5:05 of 3rd period - Shot by Daniel Briere.
5:05 of 3rd period - Stopped by Darcy Kuemper with a rebound.
5:07 of 3rd period - Shot by Matt Stajan.
5:07 of 3rd period - Stopped by Darcy Kuemper without a rebound.
5:08 of 3rd period - Daniel Briere wins face-off versus Stephen Weiss in Penguins zone.
5:37 of 3rd period - Shot by Mike Green.
5:37 of 3rd period - Shot Misses the Net.
5:39 of 3rd period - Shot by T.J. Galiardi.
5:39 of 3rd period - Shot Misses the Net.
5:41 of 3rd period - Shot by Matt Stajan.
5:41 of 3rd period - Stopped by Darcy Kuemper with a rebound.
5:43 of 3rd period - Shot by Daniel Briere.
5:43 of 3rd period - Stopped by Darcy Kuemper without a rebound.
5:44 of 3rd period - Stephen Weiss wins face-off versus Daniel Briere in Penguins zone.
6:05 of 3rd period - Shot by Alexander Semin.
6:05 of 3rd period - Shot Misses the Net.
6:07 of 3rd period - Shot by Ryan McDonagh.
6:07 of 3rd period - Stopped by Darcy Kuemper with a rebound.
6:09 of 3rd period - Shot by Marc Methot.
6:09 of 3rd period - Shot Blocked by Victor Hedman.
6:23 of 3rd period - Shot by Daniel Briere.
6:23 of 3rd period - Shot Blocked by Victor Hedman.
6:43 of 3rd period - Shot by Mike Green.
6:43 of 3rd period - Stopped by Darcy Kuemper without a rebound.
6:44 of 3rd period - Stephen Weiss wins face-off versus Matt Stajan in Penguins zone.
7:31 of 3rd period - Taylor Hall is hit by Ed Jovanovski and loses puck.
7:40 of 3rd period - Minor Penalty to Corey Potter for Interference.
7:40 of 3rd period - Minor Penalty to Ryan Getzlaf for Holding.
7:41 of 3rd period - Daniel Briere wins face-off versus John Tavares in Capitals zone.
8:13 of 3rd period - Shot by John Tavares.
8:13 of 3rd period - Shot Misses the Net.
9:22 of 3rd period - Shot by Alexander Ovechkin.
9:22 of 3rd period - Stopped by Darcy Kuemper with a rebound.
9:24 of 3rd period - Shot by Alexander Ovechkin.
9:24 of 3rd period - Goal by Alexander Ovechkin - Penguins : 7 - Capitals : 2.
9:25 of 3rd period - Matt Stajan wins face-off versus John Tavares in neutral zone.
9:44 of 3rd period - Shot by Alexander Ovechkin.
9:44 of 3rd period - Stopped by Darcy Kuemper without a rebound.
9:45 of 3rd period - Stephen Weiss wins face-off versus Jiri Tlusty in Penguins zone.
10:01 of 3rd period - Shot by Stephen Weiss.
10:01 of 3rd period - Shot Misses the Net.
10:03 of 3rd period - Shot by Barret Jackman.
10:03 of 3rd period - Shot Misses the Net.
10:05 of 3rd period - Shot by Brendan Gallagher.
10:05 of 3rd period - Stopped by James Reimer without a rebound.
10:06 of 3rd period - Matt Stajan wins face-off versus John Tavares in Capitals zone.
10:11 of 3rd period - Shot by Alexander Semin.
10:11 of 3rd period - Stopped by Darcy Kuemper without a rebound.
10:12 of 3rd period - John Tavares wins face-off versus David Desharnais in Penguins zone.
10:18 of 3rd period - Icing by Kris Letang.
10:19 of 3rd period - John Tavares wins face-off versus Ryane Clowe in Penguins zone.
11:15 of 3rd period - Icing by Alexander Ovechkin.
11:16 of 3rd period - Stephen Weiss wins face-off versus Ryane Clowe in Capitals zone.
11:34 of 3rd period - Icing by Marc Methot.
11:35 of 3rd period - Ryane Clowe wins face-off versus Ryan Getzlaf in Capitals zone.
11:35 of 3rd period - Ryane Clowe is hit by Ryan Getzlaf.
11:38 of 3rd period - Icing by Alexander Semin.
11:39 of 3rd period - Ryan Getzlaf wins face-off versus Ryane Clowe in Capitals zone.
11:46 of 3rd period - Shot by Alexander Steen.
11:46 of 3rd period - Shot Misses the Net.
12:20 of 3rd period - Shot by David Perron.
12:20 of 3rd period - Stopped by James Reimer with a rebound.
12:22 of 3rd period - Shot by David Perron.
12:22 of 3rd period - Shot Misses the Net.
12:34 of 3rd period - Shot by Daniel Briere.
12:34 of 3rd period - Goal by Daniel Briere - Penguins : 7 - Capitals : 3.
12:35 of 3rd period - John Tavares wins face-off versus Matt Stajan in neutral zone.
12:52 of 3rd period - Shot by Matt Stajan.
12:52 of 3rd period - Stopped by Darcy Kuemper without a rebound.
12:53 of 3rd period - David Desharnais wins face-off versus Stephen Weiss in Penguins zone.
13:25 of 3rd period - Shot by Mike Green.
13:25 of 3rd period - Stopped by Darcy Kuemper without a rebound.
13:26 of 3rd period - John Tavares wins face-off versus Alexander Semin in Penguins zone.
13:42 of 3rd period - Minor Penalty to Ryan McDonagh for Hooking.
13:43 of 3rd period - Ryan Getzlaf wins face-off versus Matt Stajan in Capitals zone.
13:56 of 3rd period - Shot by Ryan Getzlaf.
13:56 of 3rd period - Shot Hit the Post.
13:58 of 3rd period - Shot by Ryan Suter.
13:58 of 3rd period - Shot Misses the Net.
14:02 of 3rd period - Shot by Kris Letang.
14:02 of 3rd period - Stopped by James Reimer with a rebound.
14:04 of 3rd period - Shot by Alexander Steen.
14:04 of 3rd period - Shot Blocked by Marc Methot.
14:43 of 3rd period - Off-side.
14:44 of 3rd period - John Tavares wins face-off versus Taylor Hall in neutral zone.
15:15 of 3rd period - Shot by Victor Hedman.
15:15 of 3rd period - Deflect By Andrew Ladd.
15:15 of 3rd period - Shot Misses the Net.
15:17 of 3rd period - Shot by Andrew Ladd.
15:17 of 3rd period - Shot Misses the Net.
15:23 of 3rd period - Shot by John Tavares.
15:23 of 3rd period - Shot Blocked by Marc Methot.
15:29 of 3rd period - Shot by Andrew Ladd.
15:29 of 3rd period - Shot Misses the Net.
17:16 of 3rd period - Off-side.
17:17 of 3rd period - John Tavares wins face-off versus David Desharnais in neutral zone.
18:05 of 3rd period - Shot by Jiri Tlusty.
18:05 of 3rd period - Stopped by Darcy Kuemper without a rebound.
18:06 of 3rd period - Matt Stajan wins face-off versus Stephen Weiss in Penguins zone.
18:19 of 3rd period - Shot by Alexander Semin.
18:19 of 3rd period - Stopped by Darcy Kuemper without a rebound.
18:20 of 3rd period - Ryan Getzlaf wins face-off versus Jiri Tlusty in Penguins zone.
18:31 of 3rd period - Shot by Jiri Tlusty.
18:31 of 3rd period - Stopped by Darcy Kuemper without a rebound.
18:32 of 3rd period - Matt Stajan wins face-off versus Stephen Weiss in Penguins zone.
18:35 of 3rd period - Shot by Mike Green.
18:35 of 3rd period - Shot Blocked by Ryan Suter.
18:46 of 3rd period - Icing by Jay Harrison.
18:47 of 3rd period - Matt Stajan wins face-off versus John Tavares in Capitals zone.
18:51 of 3rd period - Minor Penalty to T.J. Galiardi for Roughing.
18:51 of 3rd period - Minor Penalty to Stephane Robidas for Hooking.
18:52 of 3rd period - Taylor Hall wins face-off versus John Tavares in Penguins zone.
18:59 of 3rd period - Shot by Taylor Hall.
18:59 of 3rd period - Deflect By Daniel Briere.
18:59 of 3rd period - Stopped by Darcy Kuemper with a rebound.
19:02 of 3rd period - Icing by John Tavares.
19:03 of 3rd period - John Tavares wins face-off versus Daniel Briere in Penguins zone.
19:10 of 3rd period - Shot by John Tavares.
19:10 of 3rd period - Shot Misses the Net.
19:12 of 3rd period - Shot by John Tavares.
19:12 of 3rd period - Stopped by James Reimer without a rebound.
19:13 of 3rd period - John Tavares wins face-off versus Daniel Briere in Capitals zone.
Goals for this period are 0 for Penguins vs 3 for Capitals.
Shots for this period are 5 for Penguins vs 25 for Capitals.


Output by the SimonT Hockey Simulator (STHS) for Stephane Roy -- Original Page W3C XHTML 1.0 Valid
Hockey Simulator - Hockey Simulation - Hockey Manager